 Dungeon Crawl Stone Soup version 0.25-a0-258-g6d7e32a812 (webtiles) character file.

Game seed: 6460556670928938562, levelgen mode: deterministic

13787 tognito the Severer (level 11, -2/123 HPs)
             Began as a Minotaur Berserker on Dec 6, 2019.
             Was a High Priest of Trog.
             Slain by a skeletal warrior
             ... wielding a +0 hand axe
              (10 damage)
             ... on level 12 of the Dungeon.
             The game lasted 00:28:36 (9320 turns).

tognito the Severer (Minotaur Berserker)            Turns: 9320, Time: 00:28:37

Health: -2/123     AC: 15    Str: 31    XL:     11   Next: 80%
Magic:  10/10      EV: 12    Int:  4    God:    Trog [*****.]
Gold:   648        SH:  0    Dex:  9    Spells: 10/10 levels left

rFire    + . .     SeeInvis .   a - +8 battleaxe (flame)
rCold    + . .     Gourm    .   (shield currently unavailable)
rNeg     . . .     Faith    .   r - +1 chain mail
rPois    .         Spirit   .   (helmet restricted)
rElec    .         Reflect  .   h - scarf {rC+ rF+}
rCorr    .         Harm     .   E - +0 pair of gloves
MR       .....                  z - +0 pair of boots
Stlth    ..........             v - amulet of the acrobat
HPRegen  0.30/turn              x - +3 ring of protection
MPRegen  0.12/turn              w - +3 ring of evasion

@: berserking, very quick
A: retaliatory headbutt, claws 1, horns 2, talons 1, wild magic 1
a: Berserk, Trog's Hand, Brothers in Arms, Renounce Religion


You were on level 12 of the Dungeon.
You worshipped Trog.
Trog was extremely pleased with you.
You were not hungry.

You visited 1 branch of the dungeon, and saw 11 of its levels.

You collected 810 gold pieces.
You spent 162 gold pieces at shops.

Inventory:

Hand Weapons
 a - a +8 battleaxe of flaming (weapon)
 b - a +3 antimagic quick blade
 u - the +7 flail of Gaoff {crush, *Slow rPois Int+6}
   (You found it on level 5 of the Dungeon)

   It inflicts extra damage upon your enemies.
   It affects your intelligence (+6).
   It protects you from poison.
   It may slow you when you take damage.
 K - the +1 war axe of Evisceration {holy, +Blink Dex+4}
   (You found it on level 12 of the Dungeon)

   It has been blessed by the Shining One to cause great damage to the undead
   and demons.
   It affects your dexterity (+4).
   It lets you blink.
Missiles
 D - 8 atropa-tipped darts (quivered)
 H - 12 silver boomerangs
Armour
 h - a scarf of resistance (worn)
 r - a +1 chain mail (worn)
 z - a +0 pair of boots (worn)
 E - a +0 pair of gloves (worn)
Jewellery
 f - an uncursed ring of ice
 j - an uncursed ring of poison resistance
 m - an uncursed amulet of guardian spirit
 v - an amulet of the acrobat (around neck)
 w - a +3 ring of evasion (right hand)
 x - a +3 ring of protection (left hand)
 A - an uncursed amulet of harm
 J - an uncursed ring of protection from magic
Wands
 o - a wand of flame (33)
 s - a wand of enslavement (7)
 t - a wand of iceblast (13)
 y - a wand of polymorph (4)
Scrolls
 d - 4 scrolls of identify
 e - 2 scrolls of magic mapping
 i - 8 scrolls of teleportation
 k - a scroll of enchant armour
 l - 4 scrolls of remove curse
 n - 2 scrolls of enchant weapon
 q - a scroll of blinking
 G - a scroll of fear
 L - 2 scrolls of torment {unknown}
Potions
 g - 3 potions of curing
 p - 2 potions of heal wounds
 C - 2 potions of agility
 F - a potion of flight
Miscellaneous
 B - a phial of floods
Comestibles
 c - 30 rations
 I - 14 chunks of flesh


   Skills:
 - Level 3.6 Fighting
 * Level 20.2(20.4) Axes
 - Level 5.1(14.5) Maces & Flails
 - Level 2.4 Armour
 - Level 2.1 Dodging
 - Level 0.1 Evocations


You had 10 spell levels left.
You didn't know any spells.
Your spell library was empty.

Dungeon Overview and Level Annotations

Branches:
Dungeon (12/15)            Temple (0/1) D:4            Lair (0/6) D:11
    Orc: D:9-12

Altars:
Dithmenos
Fedhas
Okawaru
Ru
Uskayaw
Vehumet

Shops:
D:4 (%(!

Portals:
Trove: D:10 (give 2 scrolls of acquirement)


Innate Abilities, Weirdness & Mutations

You reflexively headbutt those who attack you in melee.
You have a pair of horns on your head.
You have sharp fingernails.
You have sharp toenails.
Your spells are a little harder to cast, but a little more powerful.


Message History

The skeletal warrior misses you.
The skeletal warrior completely misses you.
You hit the skeletal warrior. You burn the skeletal warrior.
The skeletal warrior is lightly damaged.
You hit the skeletal warrior but do no damage.
You slice the skeletal warrior!! You burn the skeletal warrior!
The skeletal warrior hits you with a +0 hand axe!
You slash the skeletal warrior! You burn the skeletal warrior.
Your headbutt misses the skeletal warrior.
The skeletal warrior is moderately damaged.
You hit the skeletal warrior. You burn the skeletal warrior.
You closely miss the skeletal warrior.
The skeletal warrior hits you with a cursed -2 hand axe!
* * * LOW HITPOINT WARNING * * *
The skeletal warrior hits you with a +0 trident!
* * * LOW HITPOINT WARNING * * *
A red film seems to cover your vision as you go berserk!
You feel yourself moving faster!
You feel mighty!
You feel a lot more hungry.
The skeletal warrior hits you with a +0 hand axe!
You die...

'.....# #......<.
#.....# #........
####+## ######'## #.
#..# #.# ###########
#.## #.# #.........###
####'### #.#
#.........'.###......#
#.#
#.........#...'......#
#.#
#...z@.)<.#####......#
####.#######....zz...#
#......#
...........'.....(...#
#......#
####.#######.....(...#
#......# #.##
#......(..# ###'####
#..# #......(..# #.#
##.# ########'## #..
#.# .# #†#


You could see 3 skeletal warriors.

Vanquished Creatures
  Snorg (D:10)
  Erica (D:10)
  An ogre mage (D:11)
  A centaur warrior (D:11)
  2 two-headed ogres
  3 unseen horrors
  A wizard (D:11)
  An ugly thing (D:11)
  A deep elf mage (D:12)
  Maurice (D:11)
  A hippogriff (D:12)
  A shadow (D:12)
  3 hungry ghosts
  A water moccasin (D:11)
  A soldier ant (shapeshifter) (D:11)
  An orc warrior (D:11)
  2 ice beasts
  A black bear (D:11)
  2 phantoms
  3 sky beasts
  4 ogres
  8 centaurs
  A crocodile (D:10)
  2 big kobolds
  5 bullfrogs
  A wyvern zombie (D:11)
  3 scorpions
  2 killer bees (D:10)
  9 wights
  7 howler monkeys
  3 electric eels (D:11)
  7 crimson imps
  A centaur zombie (D:5)
  3 jellies
  An orc priest (D:3)
  5 hounds
  10 orc wizards
  5 centaur skeletons
  Jessica (D:3)
  3 iguanas
  Natasha (twice) (D:3)
  11 worker ants
  A killer bee zombie (D:7)
  A worker ant zombie (D:11)
  10 adders
  4 shadow imps
  An ooze (D:3)
  2 adder zombies
  2 adder skeletons
  7 worms
  A dart slug (D:3)
  2 leopard geckos
  44 orcs
  3 bats (D:1)
  4 giant cockroaches
  5 goblins
  5 hobgoblins
  7 jackals
  3 quokkas
  A ball python (D:6)
  10 frilled lizards
  21 kobolds
  2 leopard gecko skeletons (D:6)
  A quokka skeleton (D:4)
  8 rats
268 creatures vanquished.

Vanquished Creatures (collateral kills)
  An orc warrior (D:10)
  4 killer bees (D:10)
  2 orc wizards (D:10)
  A bullfrog skeleton (D:10)
  3 orcs (D:10)
11 creatures vanquished.

Vanquished Creatures (others)
  2 orcs (D:11)
2 creatures vanquished.

Grand Total: 281 creatures vanquished

Notes
Turn   | Place    | Note
-------+----------+-------------------------------------------
     0 | D:1      | tognito the Minotaur Berserker began the quest for the Orb.
     0 | D:1      | Reached XP level 1. HP: 19/19 MP: 0/0
   136 | D:1      | Reached skill level 4 in Axes
   162 | D:1      | Reached XP level 2. HP: 24/26 MP: 1/1
   663 | D:2      | Reached ** piety under Trog
   663 | D:2      | Reached skill level 5 in Axes
   894 | D:2      | Reached XP level 3. HP: 31/31 MP: 2/2
  1414 | D:3      | Reached skill level 6 in Axes
  1414 | D:3      | Reached XP level 4. HP: 39/39 MP: 3/3
  1680 | D:3      | Noticed Natasha
  1690 | D:3      | Killed Natasha
  1703 | D:3      | Reached skill level 7 in Axes
  1703 | D:3      | Reached XP level 5. HP: 29/45 MP: 4/4
  2297 | D:3      | Noticed Jessica
  2304 | D:3      | Killed Jessica
  2304 | D:3      | Reached *** piety under Trog
  2304 | D:3      | Reached skill level 8 in Axes
  2422 | D:3      | Noticed Natasha
  2429 | D:3      | Killed Natasha
  2429 | D:3      | Reached XP level 6. HP: 51/51 MP: 5/5
  2708 | D:4      | Found Puapiqia's Distillery.
  2877 | D:4      | Reached skill level 9 in Axes
  2921 | D:4      | Gained mutation: Your spells are a little harder to cast,
                  | but a little more powerful. [potion of mutation]
  2921 | D:4      | Gained mutation: You have sharp toenails. [potion of
                  | mutation]
  2921 | D:4      | Gained mutation: You have sharp fingernails. [potion of
                  | mutation]
  3075 | D:4      | Found a staircase to the Ecumenical Temple.
  3100 | D:4      | Found Irreuson's Food Boutique.
  3116 | D:4      | Found Otimoh's Antique Weapon Boutique.
  3143 | D:4      | Found Piagh's Antique Weapon Shoppe.
  3165 | D:4      | Bought a runed war axe for 162 gold pieces
  3248 | D:5      | Entered Level 5 of the Dungeon
  3264 | D:5      | Found a sacrificial altar of Ru.
  3379 | D:5      | Got an ebony flail
  3380 | D:5      | Identified the +7 flail of Gaoff {crush, *Slow rPois Int+6}
                  | (You found it on level 5 of the Dungeon)
  3388 | D:5      | Reached XP level 7. HP: 51/57 MP: 6/6
  3425 | D:5      | Reached skill level 1 in Maces & Flails
  3572 | D:5      | You fall into a shaft and drop 2 floors!
  3650 | D:7      | Reached skill level 10 in Axes
  3839 | D:7      | Reached **** piety under Trog
  3841 | D:7      | Reached skill level 11 in Axes
  3841 | D:7      | Reached XP level 8. HP: 49/64 MP: 7/7
  5052 | D:7      | Reached skill level 12 in Axes
  5393 | D:7      | Found a hide-covered altar of Uskayaw.
  5393 | D:7      | Found an iron altar of Okawaru.
  5394 | D:7      | Found a radiant altar of Vehumet.
  5396 | D:7      | Found a blossoming altar of Fedhas.
  5397 | D:7      | Reached skill level 13 in Axes
  5398 | D:7      | Found a shadowy altar of Dithmenos.
  5503 | D:7      | Reached XP level 9. HP: 68/70 MP: 8/8
  5847 | D:8      | Noticed a two-headed ogre
  5853 | D:8      | Killed a two-headed ogre
  5853 | D:8      | Reached skill level 14 in Axes
  6133 | D:8      | Reached skill level 5 in Maces & Flails
  6282 | D:8      | You fall into a shaft and drop 2 floors!
  6282 | D:10     | Entered Level 10 of the Dungeon
  6284 | D:10     | Noticed Erica
  6299 | D:10     | Reached skill level 15 in Axes
  6309 | D:10     | Killed Erica
  6309 | D:10     | Reached ***** piety under Trog
  6309 | D:10     | Received a gift from Trog
  6309 | D:10     | Reached XP level 10. HP: 46/77 MP: 9/9
  6417 | D:10     | Reached skill level 16 in Axes
  6695 | D:10     | Noticed Snorg
  6705 | D:10     | Killed Snorg
  7009 | D:10     | Reached skill level 17 in Axes
  7058 | D:10     | Found a portal to a secret trove of treasure.
  7449 | D:11     | Noticed a green ugly thing
  7457 | D:11     | Killed a green ugly thing
  7469 | D:11     | Noticed Maurice
  7480 | D:11     | Paralysed by something for 2 turns
  7504 | D:11     | Killed Maurice
  7729 | D:11     | Reached skill level 18 in Axes
  7846 | D:11     | Found a staircase to the Lair.
  7914 | D:11     | Received a gift from Trog
  7926 | D:11     | Reached XP level 11. HP: 63/82 MP: 10/10
  8426 | D:11     | Noticed a wizard
  8436 | D:11     | Killed a wizard
  8477 | D:11     | Noticed an ogre mage
  8484 | D:11     | Killed an unseen horror
  8485 | D:11     | Killed an unseen horror
  8485 | D:11     | Killed an ogre mage
  8485 | D:11     | Reached skill level 19 in Axes
  8485 | D:11     | Noticed a centaur warrior
  8491 | D:11     | Killed a centaur warrior
  8912 | D:12     | Noticed a deep elf mage
  8926 | D:12     | Killed a deep elf mage
  9014 | D:12     | Got a steaming war axe
  9015 | D:12     | Identified the cursed +1 war axe of Evisceration {holy,
                  | +Blink Dex+4} (You found it on level 12 of the Dungeon)
  9177 | D:12     | Killed an unseen horror
  9177 | D:12     | Reached skill level 20 in Axes
  9226 | D:12     | Noticed a two-headed ogre
  9294 | D:12     | Killed a two-headed ogre
  9306 | D:12     | Noticed a skeletal warrior
  9311 | D:12     | Noticed a skeletal warrior
  9311 | D:12     | Noticed a skeletal warrior
  9320 | D:12     | Slain by a skeletal warrior

Levels and vault maps discovered:
D:1:      dpeg_arrival_line_fractal, layout_rooms, minmay_rat_gold_closets
D:2:      layout_basic, mrwooster_statue_mirror
D:3:      layout_loops_ring, uniq_natasha, uniq_jessica
D:4:      layout_loops_cross, minmay_temple_entry_overgrown, serial_shops, shop,
          shop, shop, nicolae_shop_trees
D:5:      layout_basic, nicolae_ru_sacrificial_ziggurat, first_ration
D:6:      layout_basic
D:7:      layout_cave_pods, grunt_temple_overflow_open, grunt_ogre_cave,
          grunt_ministairs_6, chequers_garden
D:8:      layout_basic, trog_eyes_of_draining
D:10:     layout_loops_ring, enter_trove_1, uniq_erica, uniq_snorg
D:11:     layout_basic, lair_entry_dummy, minmay_crystal_water,
          minmay_fractal_squares_gapless_7, uniq_maurice
D:12:     layout_roguey, minmay_unpleasant_kobolds

Skill      XL: |  1  2  3  4  5  6  7  8  9 10 11 |
---------------+----------------------------------+-----
Axes           | 4 5 6 7 8 9 11 13 15 18 20 | 20.2
Maces & Flails | 2 4 5 |  5.1
Fighting       | |  3.6
Armour         | |  2.4
Dodging        | |  2.1
Evocations     | |  0.1

Action                   |  1- 3 |  4- 6 |  7- 9 | 10-12 || total
-------------------------+-------+-------+-------+-------++-------
Melee: Hand axe          |    68 |   164 |       |       ||   232
       Headbutt          |    10 |    22 |    26 |    37 ||    95
       Kick              |       |     8 |     4 |       ||    12
       Flail             |       |     2 |    36 |       ||    38
       Battleaxe         |       |       |   142 |   213 ||   355
Throw: Dart              |       |    13 |     5 |    11 ||    29
       Boomerang         |       |       |       |     2 ||     2
Invok: Berserk           |     1 |       |     1 |     3 ||     5
       Brothers in Arms  |       |       |     1 |       ||     1
Evoke: Wand              |       |     1 |       |       ||     1
  Use: Potion            |     3 |     3 |     2 |     4 ||    12
       Scroll            |       |     7 |     4 |     7 ||    18
 Stab: Sleeping          |     1 |       |       |       ||     1
       Invisible         |       |     1 |       |       ||     1
  Eat: Chunk             |     2 |     7 |    12 |    12 ||    33
       Ration            |       |       |     1 |       ||     1
Armor: Animal skin       |    13 |     1 |       |       ||    14
       Scale mail        |       |    19 |       |       ||    19
       Chain mail        |       |    33 |    88 |    91 ||   212
Dodge: Dodged            |    37 |    63 |   103 |   130 ||   333

Table legend:
 A = Non-vault XP
 B = Vault XP
 C = Vault XP percentage of total XP
 D = Non-vault monster count
 E = Vault monster count
 F = Vault count percentage of total count
                 A         B        C        D         E       F
            +---------+---------+-------+---------+---------+-------
      Total |   12668 |    7029 |  35.7 |     252 |      27 |   9.7
            +---------+---------+-------+---------+---------+-------
        D:1 |      20 |       4 |  16.7 |      13 |       4 |  23.5
        D:2 |      40 |       0 |   0.0 |      11 |       0 |   0.0
        D:3 |     257 |      73 |  22.1 |      40 |       2 |   4.8
        D:4 |     270 |       0 |   0.0 |      20 |       0 |   0.0
        D:5 |     365 |       0 |   0.0 |      15 |       0 |   0.0
        D:6 |     244 |       0 |   0.0 |      11 |       0 |   0.0
        D:7 |    1318 |     251 |  16.0 |      30 |       3 |   9.1
        D:8 |    1632 |       0 |   0.0 |      16 |       0 |   0.0
       D:10 |    1592 |    2085 |  56.7 |      36 |       2 |   5.3
       D:11 |    3084 |    4609 |  59.9 |      35 |      10 |  22.2
       D:12 |    3846 |       7 |   0.2 |      25 |       6 |  19.4
            +---------+---------+-------+---------+---------+-------
